 Dungeon Sprint DCSS version 0.26-a0-1147-g3780a7a11b (webtiles) character file.

Game seed: 17323186266678050510

160 olmar the Shield-Bearer (level 5, -4/50 HPs)
             Began as a Ghoul Fighter on Dec 22, 2020.
             Was an Initiate of Gozag.
             Slain by a vampire (8 damage)
             ... in the Dungeon (Sprint IX: "|||||||||||||||||||||||||||||").
             The game lasted 00:02:15 (417 turns).

olmar the Shield-Bearer (Ghoul Fighter)              Turns: 417, Time: 00:02:16

Health: -4/50      AC:  7    Str: 27    XL:     5   Next: 41%
Magic:  4/4        EV: 10    Int:  3    God:    Gozag
Gold:   0          SH:  0    Dex:  8    Spells: 4/4 levels left

rFire    . . .     SeeInvis .   m - +2 dire flail (vorpal)
rCold    + . .     Faith    .   (shield currently unavailable)
rNeg     + + +     Spirit   .   b - +0 scale mail
rPois    ∞         Reflect  .   (no helmet)
rElec    .         Harm     .   (no cloak)
rCorr    .         Rampage  .   (no gloves)
Will     .....     NoTele   +   (no boots)
Stlth    ..........             (no amulet)
HPRegen  0.00/turn              q - +3 ring of strength
MPRegen  0.09/turn              r - +3 ring of strength

@: gold aura
A: claws 1, cold resistance 1, negative energy resistance 3, inhibited
regeneration, torment resistance, unbreathing
a: Renounce Religion, Potion Petition, Call Merchant, Bribe Branch


You were in the Dungeon.
You worshipped Gozag.
Gozag was noncommittal.
You visited 1 branch

Inventory:

Hand Weapons
 a - a +0 flail
 m - a +2 vorpal dire flail (weapon)
Armour
 b - a +0 scale mail (worn)
 c - a +0 kite shield
 n - a +0 helmet
 o - a +0 cloak
 p - a +1 scale mail
Jewellery
 q - a +3 ring of strength (left claw)
 r - a +3 ring of strength (right claw)
Wands
 l - a wand of acid (6)
Scrolls
 i - 2 scrolls of blinking
 j - 3 scrolls of remove curse
 k - 2 scrolls of amnesia
Potions
 d - a potion of invisibility
 e - 5 potions of curing
 f - 2 potions of heal wounds
 g - a potion of haste
 h - 4 potions of magic


   Skills:
 + Level 6.0 Fighting
 + Level 4.2 Maces & Flails
 + Level 5.7 Armour
 - Level 1.0 Dodging
 + Level 0.6 Stealth
 + Level 6.0 Shields
 + Level 0.5 Evocations


You had 4 spell levels left.
You didn't know any spells.
Your spell library was empty.

Dungeon Overview and Level Annotations

Branches:
Dungeon (1/1)

Altars:
Cheibriados
Dithmenos
Elyvilon
Fedhas
Gozag
Hepliaklqana
Kikubaaqudgha
Makhleb
Nemelex Xobeh
Okawaru
Qazlal
Ru
Sif Muna
Trog
Uskayaw
Vehumet
Wu Jian
Xom
Yredelemnul
Zin
The Shining One
Beogh
Jiyva
Lugonu


Innate Abilities, Weirdness & Mutations

You thrive by killing the living.
You are immune to poison.
You have sharp fingernails.
Your flesh is cold resistant. (rC+)
You are immune to negative energy. (rN+++)
You do not regenerate when monsters are visible.
You are immune to unholy pain and torment.
You can survive without breathing.


Message History

Your Armour skill increases to level 5!
Your Shields skill increases to level 6!
You have reached level 5!
You feel stronger.
Evoke which item? (* to show all) (? for menu, Esc to quit)
You don't have any such object.
Evoke which item? (* to show all) (? for menu, Esc to quit)
Okay, then.
Evoke which item? (* to show all) (? for menu, Esc to quit)
You don't have any such object.
Evoke which item? (* to show all) (? for menu, Esc to quit)
Huh?
Evoke which item? (* to show all) (? for menu, Esc to quit)
Okay, then.
Evoke which item? (* to show all) (? for menu, Esc to quit)
Aiming: Corrosive Bolt
Press: ? - help, Shift-Dir - straight line Something hits you!
You die...
Your body crumbles into a pile of gold.

▓.▓
$
▓.▓
$
▓$▓
$ $
▓$▓
$
▓$▓
$
▓$▓
▓{▓
$
▓@▓
▓.▓
$
▓.▓
▓.▓
$
▓.▓
▓.▓
$
▓)▓
$
▓.▓
$
▓.▓
$


There were no monsters in sight!

Vanquished Creatures
  A big kobold (D)
  2 orc priests (D)
  2 white imps (D)
  A dart slug (D)
  A leopard gecko (D)
  3 orcs (D)
  A bat zombie (D)
  A goblin (D)
  A hobgoblin (D)
  A frilled lizard (D)
  A quokka skeleton (D)
15 creatures vanquished.

Notes
Turn   | Place    | Note
-------+----------+-------------------------------------------
     0 | D        | olmar the Ghoul Fighter began the quest for the Orb.
     0 | D        | Reached XP level 1. HP: 19/19 MP: 0/0
    23 | D        | Reached XP level 2. HP: 20/27 MP: 1/1
   172 | D        | HP: 1/27 [orc priest/divine providence (13)]
   181 | D        | Reached XP level 3. HP: 7/34 MP: 2/2
   184 | D        | Reached skill level 5 in Fighting
   184 | D        | Reached skill level 1 in Dodging
   184 | D        | Reached XP level 4. HP: 10/42 MP: 3/3
   190 | D        | Found a roughly hewn altar of Beogh.
   190 | D        | Found a snail-covered altar of Cheibriados.
   190 | D        | Found a shadowy altar of Dithmenos.
   190 | D        | Found a white marble altar of Elyvilon.
   190 | D        | Found a blossoming altar of Fedhas.
   190 | D        | Found an opulent altar of Gozag.
   191 | D        | Found a hazy altar of Hepliaklqana.
   192 | D        | Found a viscous altar of Jiyva.
   193 | D        | Found an ancient bone altar of Kikubaaqudgha.
   194 | D        | Found a corrupted altar of Lugonu.
   195 | D        | Found a burning altar of Makhleb.
   196 | D        | Found a sparkling altar of Nemelex Xobeh.
   197 | D        | Found an iron altar of Okawaru.
   198 | D        | Became a worshipper of Gozag Ym Sagoz the Greedy
   199 | D        | Found a stormy altar of Qazlal.
   200 | D        | Found a sacrificial altar of Ru.
   201 | D        | Found a shimmering blue altar of Sif Muna.
   202 | D        | Found a bloodstained altar of Trog.
   203 | D        | Found a hide-covered altar of Uskayaw.
   204 | D        | Found a radiant altar of Vehumet.
   205 | D        | Found an ornate altar of the Wu Jian Council.
   206 | D        | Found a shimmering altar of Xom.
   207 | D        | Found a basalt altar of Yredelemnul.
   208 | D        | Found a glowing silver altar of Zin.
   209 | D        | Found a glowing golden altar of the Shining One.
   409 | D        | Noticed a big kobold
   409 | D        | Noticed a vampire
   411 | D        | Reached skill level 5 in Shields
   416 | D        | Killed a big kobold
   417 | D        | Reached skill level 5 in Armour
   417 | D        | Reached XP level 5. HP: 4/50 MP: 4/4
   417 | D        | Slain by a vampire

Illustrated notes

Levels and vault maps discovered:
D:        linesprint [early_d, line_temple, items_1, d_10, items_2, lair_1,
          lair_end, items_3, orc_1, orc_end, items_4, d_15, swamp_1, shoals_1,
          snake_1, spider_1, d_20, vaults_1, items_5, swamp_end, shoals_end,
          snake_end, spider_end, vaults_end, d_27, items_6, zot_1, zot_end,
          crypt_end, forest_end, elf_end, slime_end, tomb_end, abyss_end,
          pan_hell_end]

Skill      XL: |  1  2  3  4 |
---------------+-------------+-----
Armour         | 3 4 5 |  5.7
Shields        | 3 4 6 |  6.0
Maces & Flails | 2 3 4 |  4.2
Fighting       | 4 5 6 |  6.0
Dodging        | 1 |  1.0
Stealth        | |  0.6
Evocations     | |  0.5

Action                   |  1- 3 |  4- 6 || total
-------------------------+-------+-------++-------
Melee: Flail             |    50 |       ||    50
       Dire flail        |       |     4 ||     4
Evoke: Wand              |       |     4 ||     4
  Use: Potion            |     2 |       ||     2
Armor: Scale mail        |    21 |     2 ||    23
Dodge: Dodged            |     8 |       ||     8
Block: Kite shield       |    31 |       ||    31

Table legend: (Time is in decaauts)
 A = Elapsed time spent in this place.
 B = Non-inter-level travel time spent in this place.
 C = Inter-level travel time spent in this place.
 D = Time resting spent in this place.
 E = Time spent auto-exploring this place.
 F = Levels seen in this place.
 G = Mean time per level.
                   A        B        C        D        E       F      G
               +--------+--------+--------+--------+--------+-----+--------+
         Total |    436 |    436 |      0 |    285 |      0 |   1 |  436.0 |
       Dungeon |    436 |    436 |      0 |    285 |      0 |   1 |  436.0 |
               +--------+--------+--------+--------+--------+-----+--------+

Top non-repeatable levels by time:
       D: 436 daAuts
